Unix xNetHack Version 7.1.0 - last build Dec 11 2022 15:18:36 (91bc4d2507b4b34ac92889b06d50a936f6bde808). Game began 2023-05-09 10:39:01, ended 2023-05-09 11:15:28. dflexer, neutral female gnomish Healer ---- ----- |..| ---.|..--..-- |...........---- ---..............| -................-- .................---- --- -- . -.<.....(...-----.--|.-. --............|....||..-- -- --...........:.....--...| | ... |......................---- ...h- -..........|.|...).^%..@:.Z....- |.............|*|-..).....f.--- | --..........--|.||..........- |.........-- |.|--..........| --........| --.||.....---..-- |........| |..|--...-- ---- --.....--- |..| --.-- |...--- ---- --- --.-- --- Dflexer the Rhizotomist St:10 Dx:10 Co:18 In:13 Wi:15 Ch:11 Neutral S:278 Dlvl:5 $:1911 HP:0(12) Pw:7(7) AC:7 Xp:1/17 T:1452 Latest messages: You descend the stairs. You see here a leash. You see here a can of grease. You have a little trouble lifting a can of grease. Continue? y You have a little trouble lifting S - a can of grease {15}. Your movements are slowed slightly because of your load. You drop a cursed sling {3}. You drop 8 rocks {80}. Your movements are now unencumbered. Felix steps reluctantly over 8 rocks. What do you want to throw? [$mvxDEQ or ?*] ? In what direction? k The crude dagger misses the jackal. Felix misses the jackal. The jackal bites! Felix bites the jackal. The jackal is killed! You see here a jackal corpse. There is a jackal corpse here; eat it? y This jackal corpse tastes okay. You hear some noises in the distance. You finish eating the jackal corpse. You see here a crude dagger. Felix picks up a crude dagger. Felix steps reluctantly over 8 rocks. Please move the cursor to an unknown object. (For instructions type a '?') What do you want to ready? [- $vxDEQ or ?*] x x - 8 silver darts (at the ready) {8}. In what direction? l The silver dart slips as you throw it! The silver dart misses Felix. Felix steps reluctantly over a silver dart. In what direction? l The silver dart sears the wererat's flesh! You kill the wererat! You fall into a pit! You land on a set of sharp iron spikes! The spikes were poisoned! The poison doesn't seem to affect you. You are still in a pit. You are still in a pit. You crawl to the edge of the pit. Felix whimpers. Felix whimpers. Autopickup: ON, for all objects. Autopickup: OFF. The newt bites! You die... Do you want your possessions identified? q Major events: Turn 1: dflexer the neutral female gnomish Healer entered the dungeon 654: entered the Gnomish Mines 1452: killed by a newt Inventory: Inventory: 663/750 weight (35/52 slots) Coins $ - 1911 gold pieces {19} Rings s - a cursed ring of teleportation named cursed? {3} Wands n - a wand of cold (0:5) {7} h - a wand of sleep (0:3) {7} Potions g - a blessed potion of extra healing {20} f - 4 uncursed potions of extra healing {80} e - a blessed potion of healing {20} d - 3 uncursed potions of healing {60} q - 2 uncursed potions of sleeping named uncursed {40} Scrolls t - a blessed scroll of enchant armor {5} K - an uncursed scroll of light {5} u - a cursed scroll of teleportation named uncursed {5} Spellbooks j - a blessed spellbook of extra healing {45} i - a blessed spellbook of healing {35} k - a blessed spellbook of stone to flesh {45} Weapons x - 6 cursed +0 silver darts (at the ready) {6} Q - a +0 dagger {10} v - a +0 elven dagger {10} D - a +0 gold elven dagger {14} E - 2 +0 orcish daggers {20} a - a +0 scalpel (weapon in hand) {5} Armor b - an uncursed +1 pair of leather gloves (being worn) {8} R - an uncursed +0 pair of silver dwarvish boots {56} r - an uncursed +0 alchemy smock with text "I am an alchemist; if you see me running, try to catch up..." (being worn) {8} N - an uncursed +0 dwarvish cloak {10} Comestibles l - 8 uncursed apples {16} B - 2 uncursed food rations {40} I - 2 uncursed fortune cookies {2} P - an uncursed lichen corpse {20} Tools S - a can of grease (0:24) {15} p - an uncursed leash (attached to Felix) {12} A - an uncursed pea whistle {3} c - an uncursed stethoscope {4} L - a cursed tallow candle {2} o - an uncursed towel named uncursed {5} Gems/Stones z - an uncursed worthless piece of green glass {1} Dflexer the Healer's attributes: Background: You were a Rhizotomist, a level 1 female gnomish Healer. You were neutral, nominally on a mission for Hermes who was opposed by Athena (lawful) and Poseidon (chaotic). You were heterosexual. You were in the Gnomish Mines, on level 5. You entered the dungeon 1452 turns ago. You had 17 experience points, 3 more were needed to attain level 2. Your score was 278 before end-of-game adjustments. Basics: You had 0 out of 12 hit points. You had all 7 energy points (spell power). Your armor class was 7. Your wallet contained 1911 zorkmids. Autopickup was off. Final Characteristics: Your strength was 10 (limit:18/50). Your dexterity was 10 (limit:18). Your constitution was 18 (limit:18). Your intelligence was 13 (limit:19). Your wisdom was 15 (limit:18). Your charisma was 11 (limit:18). Final Status: You were not hungry. You were unencumbered. You were wielding a knife. You had basic skill with knife. Final Attributes: You were devoutly aligned. You were poison resistant. You were acid resistant. Your items were protected from acid. You had infravision. You were warded. You are dead. Miscellaneous: You never encountered a bones level. Total elapsed playing time was 36 minutes and 25 seconds. Vanquished creatures: a dwarf a wererat a coyote 3 hobbits a gnome a gnome zombie 3 geckos 4 jackals a fox 3 goblins a sewer rat a grid bug 5 lichens 2 kobold zombies 28 creatures vanquished. No species were genocided or became extinct. Voluntary challenges: You were an atheist. You read items or engraved 2 times. You never genocided any monsters. You never polymorphed an object. You never changed form. You never touched an artifact. You used no wishes. You never scared an enemy with impunity. You were celibate. You never generated conflict. Achievements: You entered the Gnomish Mines. You entered a shop. The Dungeons of Doom: levels 1 to 3 Level 1: A fountain. Level 2: Level 3: A general store, a sink. Stairs down to The Gnomish Mines. The Gnomish Mines: levels 4 to 5 Level 4: Level 5: <- You were here. Final resting place for you, killed by a newt. Game over: __________ / \ / REST \ / IN \ / PEACE \ / \ | dflexer | | 1911 Au | | killed by a newt | | | | | | | | 2023 | *| * * * | * _________)/\\_//(\/(/\)/\//\/|_)_______ Goodbye dflexer the Healer... You died in The Gnomish Mines on dungeon level 5 with 278 points, and 1911 pieces of gold, after 1452 moves. You were level 1 with a maximum of 12 hit points when you died.